 Dungeon Crawl Stone Soup version 0.17.1-1-g73c8601 (webtiles) character file.

87 Herrn the Skirmisher (level 4, -5/42 HPs)
             Began as a Naga Fighter on Jan 4, 2016.
             Slain by Crazy Yiuf
             ... wielding a +3 quarterstaff of chaos
              (8 damage)
             ... while paralysed by Crazy Yiuf
             ... on level 2 of the Dungeon.
             The game lasted 00:03:35 (1817 turns).

Herrn the Skirmisher (Naga Fighter)                 Turns: 1817, Time: 00:03:36

Health: -5/42      AC:  6    Str: 18    XL:     4   Next: 51%
Magic:  4/4        EV:  1    Int:  9    God:
Gold:   118        SH:  0    Dex: 11    Spells: 0 memorised, 3 levels left

rFire  . . .     SeeInvis +     a - +0 war axe
rCold  . . .     Clarity  .     b - +0 scale mail
rNeg   . . .     SustAt   .     c - +0 shield
rPois  +         Gourm    .     z - +0 helmet
rElec  .         Spirit   .     (no cloak)
rCorr  .         Warding  .     (no gloves)
rMut   .         Stasis   .     (no barding)
MR     .....                    (no amulet)
Stlth  ..........               (no ring)
                                w - ring of flight

@: paralysed, short of breath, very slow, not resistant to hostile enchantments,
extremely unstealthy
A: see invisible, deformed body, poison resistance, slowness 2, slow metabolism
1, spit poison 2, AC +1
a: Spit Poison, Evoke Flight


You were on level 2 of the Dungeon.
You were near starving.

You visited 1 branch of the dungeon, and saw 3 of its levels.

You collected 118 gold pieces.

Inventory:

Hand Weapons
 a - a +0 war axe (weapon)
Armour
 b - a +0 scale mail (worn)
 c - a +0 shield (worn)
 z - a +0 helmet (worn)
Jewellery
 j - an uncursed ring of ice
 w - a ring of flight (left hand)
Scrolls
 h - a scroll of amnesia {unknown}
 i - a scroll of blinking {unknown}
 l - a scroll of teleportation {unknown}
 n - a scroll of enchant weapon {unknown}
 o - a scroll of random uselessness {unknown}
 p - 2 scrolls of enchant armour {unknown}
 r - a scroll of immolation {unknown}
 s - 2 scrolls of noise {unknown}
 y - a scroll of identify {unknown}
Potions
 d - 2 potions of might
 f - a potion of mutation {unknown}
 g - 2 potions of heal wounds {unknown}
 k - a potion of curing {unknown}
 u - a potion of degeneration {unknown}
 v - a potion of brilliance {unknown}
Comestibles
 e - 5 bread rations
 m - 2 slices of pizza
 q - 3 beef jerkies
 t - 2 fruits
 x - a meat ration


   Skills:
 + Level 3.2 Fighting
 * Level 2.7 Axes
 + Level 3.1 Armour
 + Level 0.7 Dodging
 + Level 2.9 Shields


You had 3 spell levels left.
You didn't know any spells.

Dungeon Overview and Level Annotations

Branches:
Dungeon (3/15)

Altars:
Makhleb
The Shining One

Annotations:
D:2 Crazy Yiuf


Innate Abilities, Weirdness & Mutations

You cannot wear boots.
Your serpentine skin is tough (AC +1).
You have supernaturally acute eyesight.
Armour fits poorly on your strangely shaped body.
Your system is resistant to poisons.
You cover ground very slowly.
You have a slow metabolism.
You can spit poison.


Message History

You block Crazy Yiuf's attack.
Crazy Yiuf cries, "Peeping broken sing!"
Crazy Yiuf hits you with a quarterstaff of chaos!
Firing (i - inventory): No suitable missiles.
Press: ? - help, Shift-Dir - straight line, f/p - Crazy Yiuf
Aim: Crazy Yiuf, wielding a quarterstaff of chaos and wearing a cloak (moderately wounded)
Okay, then.
Unknown command.
Unknown command.
Press: ? - help, Shift-Dir - straight line, f/p - Crazy Yiuf
Aim: Crazy Yiuf, wielding a quarterstaff of chaos and wearing a cloak (moderately wounded)
The splash of poison hits Crazy Yiuf.
Crazy Yiuf is moderately wounded.
You feel slightly more hungry.
Crazy Yiuf hits you with a quarterstaff of chaos!
* * * LOW HITPOINT WARNING * * *
You suddenly lose the ability to move!
Crazy Yiuf laughs, "Peeping meccalolo seventy!"
Crazy Yiuf hits you with a quarterstaff of chaos!
You die...

###### ### ##.#..# #..)#
#.....#####g....# #
###############.@g....#..#
#
.................#...#..##
#
######################.##
# # ###### ## # ##.#..###
### #.......# ###..
###...##..# ####...#
#<....##..# ####....###
#.#...##..# ###....#### #


You could see Crazy Yiuf.

Vanquished Creatures
  Robin (D:2)
  4 adders (D:2)
  A worm (D:2)
  A giant gecko (D:1)
  A giant cockroach (D:1)
  3 hobgoblins
  A ball python (D:1)
  3 bats
  3 giant newts
  12 goblins
  6 kobolds (D:1)
  6 rats
42 creatures vanquished.

Notes
Turn   | Place    | Note
--------------------------------------------------------------
     0 | D:1      | Herrn the Naga Fighter began the quest for the Orb.
     0 | D:1      | Reached XP level 1. HP: 21/21 MP: 1/1
   126 | D:1      | Reached XP level 2. HP: 28/28 MP: 2/2
   211 | D:1      | Found a glowing golden altar of the Shining One.
   868 | D:2      | Reached XP level 3. HP: 30/34 MP: 3/3
  1121 | D:2      | Reached XP level 4. HP: 39/42 MP: 4/4
  1255 | D:2      | Noticed Robin
  1283 | D:2      | Killed Robin
  1670 | D:2      | Found a burning altar of Makhleb.
  1670 | D:2      | Noticed a blizzard demon
  1803 | D:2      | Noticed Crazy Yiuf
  1815 | D:2      | HP: 2/42 [Crazy Yiuf/quarterstaff of chaos (12)]
  1815 | D:2      | Paralysed by Crazy Yiuf for 3 turns
  1817 | D:2      | Slain by Crazy Yiuf

Action                   |  1- 3 |  4- 6 || total
-------------------------+-------+-------++-------
Melee: War axe           |    54 |    34 ||    88
 Abil: Spit Poison       |    18 |     8 ||    26
  Eat: Chunk             |     1 |     1 ||     2
